 Dungeon Crawl Stone Soup version 0.29-a0-90-gc37658a0fe (webtiles) character file.

Game seed: 3794473157466941223

3831 Gargoyl the Cleaver (level 10, -2/61 HPs)
             Began as a Gargoyle Abyssal Knight on Feb 6, 2022.
             Was an Elder of Lugonu.
             Slain by Harold (19 damage)
             ... on level 8 of the Dungeon.
             The game lasted 00:10:00 (8705 turns).

Gargoyl the Cleaver (Gargoyle Abyssal Knight)       Turns: 8705, Time: 00:10:01

Health: -2/61      AC: 23    Str: 27    XL:     10   Next: 18%
Magic:  10/11      EV:  5    Int: 11    God:    Lugonu [****..]
Gold:   382        SH:  0    Dex: 10    Spells: 9/9 levels left

rFire   . . .      SeeInvis .   a - +2 hand axe (venom)
rCold   . . .      Faith    .   (no shield)
rNeg    + . .      Spirit   .   r - +0 chain mail
rPois   ∞          Reflect  .   (helmet restricted)
rElec   +          Harm     .   u - +1 cloak
rCorr   .          Rampage  .   e - +0 pair of gloves
Will    +....                   x - +0 pair of boots
Stlth   ..........              q - amulet of regeneration
HPRegen 1.00/turn               o - +6 ring of strength
MPRegen 0.12/turn               v - ring of Ifezikke {Wiz rPois Will+}

@: marked, held
A: sickness immunity, AC +7, negative energy resistance 1, electricity
resistance, torment resistance 1, petrification resistance, horns 1, talons 1
a: Renounce Religion, Depart the Abyss, Bend Space, Banish, Corrupt


You were on level 8 of the Dungeon.
You worshipped Lugonu.
Lugonu was greatly pleased with you.
You visited 1 branch of the dungeon, and saw 8 of its levels.
You visited the Abyss 1 time.

You collected 382 gold pieces.

Inventory:

Hand Weapons
 a - a +2 hand axe of venom (weapon)
 h - a +1 war axe
 t - the +4 flail of the Dripping Asp {vorpal, Fly Will++}
   (You found it on level 4 of the Dungeon)

   It inflicts extra damage upon your enemies.
   Fly:       It grants you flight.
   Will:      It greatly increases your willpower.
Missiles
 m - 8 poisoned darts (quivered)
Armour
 e - a +0 pair of gloves (worn)
 i - a +0 helmet
 r - a +0 chain mail (worn)
 u - a +1 cloak (worn)
 x - a +0 pair of boots (worn)
Jewellery
 o - a +6 ring of strength (left hand)
 q - an amulet of regeneration (around neck)
 v - the ring of Ifezikke (right hand) {Wiz rPois Will+}
   (You found it on level 6 of the Dungeon)

   [ring of wizardry]

   It improves your spell success rate.
   rPois:     It protects you from poison.
   Will:      It increases your willpower.
Wands
 c - a wand of paralysis (5)
 j - a wand of polymorph (9)
 s - a wand of digging (16)
Scrolls
 l - 3 scrolls of teleportation
Potions
 d - a potion of cancellation
 f - 2 potions of resistance {unknown}
 g - 3 potions of degeneration
 k - a potion of haste
 n - a potion of might {unknown}
 p - a potion of brilliance {unknown}
 w - 2 potions of heal wounds {unknown}


   Skills:
 + Level 6.9 Fighting
 + Level 9.3 Axes
 + Level 1.8 Throwing
 + Level 7.6 Armour
 + Level 3.6 Dodging
 + Level 2.2 Stealth
 + Level 2.5 Invocations


You had 9 spell levels left.
You didn't know any spells.
Your spell library contained the following spells:

 Spells                   Type           Power      Damage    Failure   Level
 Magic Dart               Conj           0%         1d3       54%         1
 Searing Ray              Conj           0%         2d4       69%         2
 Petrify                  Tmut/Erth      0%         N/A       99%         4


Dungeon Overview and Level Annotations

Branches:
Dungeon (8/15)             Temple (0/1) D:6
   Lair: D:8-11

Altars:
Gozag
Sif Muna
Trog
Wu Jian

Shops:
D:1 (   D:8 =

Annotations:
D:3 2 transporters, brandma555's ghost, amateur GrEE
D:8 Harold


Innate Abilities, Weirdness & Mutations

You are immune to sickness and miasma.
Your stone body is resilient. (AC +7)
You are immune to poison.
You resist negative energy. (rN+)
You are resistant to electric shocks. (rElec)
You are resistant to unholy torment.
You are immune to petrification.
You have a pair of small horns on your head.
You have sharp toenails.


Message History

You throw a poisoned dart. The poisoned dart hits Harold.
Harold is poisoned.
Unknown command.
Throw: 10 darts (poison)
Press: ? - help, Q - select action, (/) - cycle Shift-Dir - straight line, f/p - Harold
Aim: Harold, wielding a +3 vorpal flail, wearing a +0 scale mail, quivering 3 throwing nets and carrying a wand of iceblast (6) (poisoned, 70% to hit)
You throw a poisoned dart. The poisoned dart hits Harold.
Harold looks even sicker.
Harold zaps a wand.
The mass of ice explodes!
The iceblast engulfs you but does no damage.
Throw: 9 darts (poison)
Press: ? - help, Q - select action, (/) - cycle Shift-Dir - straight line, f/p - Harold
Aim: Harold, wielding a +3 vorpal flail, wearing a +0 scale mail, quivering 3 throwing nets and carrying a wand of iceblast (5) (lightly wounded, very poisoned, 70% to hit)
You throw a poisoned dart. The poisoned dart hits Harold.
Harold looks even sicker.
Harold is lightly wounded.
Harold zaps a wand.
The mass of ice explodes!
The iceblast engulfs you.
* * * LOW HITPOINT WARNING * * *
Unknown command.
Harold fires a harpoon shot at you.
The harpoon shot hits you but does no damage.
Harold zaps a wand.
The mass of ice explodes!
The iceblast engulfs you!
* * * LOW HITPOINT WARNING * * *
You feel better. Harold casts a spell at you.
You barely resist.
Harold zaps a wand.
The mass of ice explodes!
The iceblast engulfs you!
* * * LOW HITPOINT WARNING * * *
Unknown command.
Harold throws a throwing net.
The throwing net hits you.
You become entangled in the net!
There is an escape hatch in the ceiling here.
You see here a throwing net.
You struggle against the net.
Unknown command.
You struggle against the net.
Harold hits you with a +3 vorpal flail.
* * * LOW HITPOINT WARNING * * *
x2 You struggle against the net.
Harold says, "My wife will appreciate not having to wash blood out of my clothes anymore."
Harold hits you with a +3 vorpal flail!!
You die...

. ####### . ##.....## . #
##.......## . ..
##.......$.# #
...>#..........# .#
............(....# ..#
..... #.........# .##.##
..@. #.........# .....#
#.#. #.@.......#
.....#####...##@........#
............#((.........#
......#####....)....?...#
..............(.........#
......#######.##.......##
......# #...#...!.##
..#.#########.#..######
###.##....>#.(....##


You could see Harold (very poisoned).

Vanquished Creatures
  2 two-headed ogres
  Sigmund (D:5)
  A water moccasin (D:5)
  An acid dragon (D:6)
  2 sky beasts
  An ice beast (D:6)
  A necrophage (D:6)
  An ogre (D:4)
  2 centaurs
  A phantom (D:4)
  A kobold brigand (D:8)
  2 bullfrogs (D:7)
  5 killer bees (D:6)
  3 howler monkeys
  3 electric eels (D:7)
  A bullfrog zombie (D:5)
  A hound (D:5)
  A gnoll shaman (D:7)
  A jelly (D:7)
  3 orc priests
  A bullfrog skeleton (D:5)
  6 iguanas
  2 centaur skeletons
  3 orc wizards (D:7)
  Natasha (thrice) (D:3)
  A killer bee zombie (D:6)
  A hound skeleton (D:4)
  9 gnolls
  A howler monkey skeleton (D:7)
  7 adders
  2 shadow imps
  3 white imps (D:7)
  An ufetubus (D:5)
  An adder skeleton (D:4)
  3 worms
  A dart slug (D:3)
  24 orcs
  8 ball pythons
  3 bats
  9 endoplasms
  2 giant cockroaches
  18 goblins
  13 hobgoblins
  4 jackals (D:4)
  14 kobolds
  3 quokkas
  A frilled lizard (D:2)
  4 rats
182 creatures vanquished.

Vanquished Creatures (others)
  A fungus (D:1)
  26 plants
27 creatures vanquished.

Grand Total: 209 creatures vanquished

Notes
Turn   | Place    | Note
-------+----------+-------------------------------------------
     0 | Abyss:1  | Gargoyl the Gargoyle Abyssal Knight began the quest for the
                  | Orb.
     0 | Abyss:1  | Reached XP level 1. HP: 14/14 MP: 2/2
    50 | D:1      | Escaped the Abyss
   626 | D:1      | Found Udew's Antique Weapon Shoppe.
   671 | D:1      | Found a faded altar of an unknown god.
   684 | D:1      | Reached skill level 1 in Dodging
   684 | D:1      | Reached XP level 2. HP: 12/19 MP: 3/3
  1419 | D:1      | Reached skill level 2 in Axes
  1419 | D:1      | Reached XP level 3. HP: 22/24 MP: 4/4
  1812 | D:2      | Reached * piety under Lugonu
  1989 | D:2      | Reached XP level 4. HP: 29/29 MP: 5/5
  2990 | D:3      | Found a transporter.
  2991 | D:3      | Noticed Natasha
  2998 | D:3      | Identified the +10 spear of Afaklorr {pain, Str+4 SInv}
  2998 | D:3      | Noticed a gnoll sergeant
  3000 | D:3      | Killed Natasha
  3001 | D:3      | Reached skill level 1 in Stealth
  3001 | D:3      | Reached XP level 5. HP: 28/33 MP: 6/6
  3001 | D:3      | Found a transporter.
  3035 | D:3      | Noticed brandma555's ghost (amateur GrEE)
  3079 | D:3      | Found a shimmering blue altar of Sif Muna.
  3110 | D:3      | Noticed a centaur
  3124 | D:3      | Killed a centaur
  3125 | D:3      | Reached skill level 3 in Axes
  3430 | D:3      | Noticed Natasha
  3447 | D:3      | Killed Natasha
  3448 | D:3      | Reached XP level 6. HP: 33/38 MP: 7/7
  3545 | D:3      | Noticed Natasha
  3554 | D:3      | Killed Natasha
  3799 | D:4      | Reached ** piety under Lugonu
  3800 | D:4      | Reached skill level 4 in Axes
  3952 | D:4      | Found a bloodstained altar of Trog.
  3961 | D:4      | Found an opulent altar of Gozag.
  4204 | D:4      | Reached XP level 7. HP: 19/44 MP: 8/8
  4215 | D:4      | Identified the +4 flail of the Dripping Asp {vorpal, Fly
                  | Will++}
  5256 | D:5      | Entered Level 5 of the Dungeon
  5272 | D:4      | Reached skill level 5 in Axes
  5290 | D:5      | Noticed Sigmund
  5309 | D:5      | Killed Sigmund
  5585 | D:5      | Reached XP level 8. HP: 46/48 MP: 9/9
  5655 | D:5      | Reached skill level 5 in Armour
  5751 | D:5      | Reached skill level 5 in Fighting
  5821 | D:5      | Reached *** piety under Lugonu
  5897 | D:5      | Reached skill level 6 in Axes
  6081 | D:5      | Found an ornate altar of the Wu Jian Council.
  6699 | D:6      | Gained mutation: You have a pair of small horns on your
                  | head. [potion of mutation]
  6699 | D:6      | Gained mutation: You have sharp toenails. [potion of
                  | mutation]
  6997 | D:6      | Identified the ring of Ifezikke {Wiz rPois Will+}
  7467 | D:6      | Reached skill level 7 in Axes
  7471 | D:6      | Reached XP level 9. HP: 45/55 MP: 10/10
  7504 | D:6      | Found a staircase to the Ecumenical Temple.
  7661 | D:7      | Reached **** piety under Lugonu
  7664 | D:7      | Noticed a two-headed ogre
  7682 | D:7      | Killed a two-headed ogre
  7683 | D:7      | Reached skill level 8 in Axes
  7683 | D:7      | Reached skill level 1 in Throwing
  8531 | D:8      | Got the Grimoire of a Billion Tales
  8546 | D:8      | Found Lobluac's Jewellery Shop.
  8628 | D:8      | Noticed a two-headed ogre
  8637 | D:8      | Reached skill level 9 in Axes
  8686 | D:8      | Noticed Harold
  8693 | D:8      | Killed a two-headed ogre
  8694 | D:8      | Reached XP level 10. HP: 20/61 MP: 9/11
  8705 | D:8      | Slain by Harold

Illustrated notes

Levels and vault maps discovered:
D:1:      wander_arrival_desolate, layout_basic,
          shapermc_ecumenical_altar_mp_ritualfount, serial_shops, shop
D:2:      layout_basic
D:3:      layout_basic, overflow_temple_1_default,
          gammafunk_ghost_gnarly_gnolls, serial_bayou_lagoon_a, uniq_natasha
D:4:      layout_basic, mainiacjoe_overflow_large_starburst,
          amcnicky_mini_corridor_feature, grunt_ministairs_8
D:5:      layout_gridville, mainiacjoe_overflow_small_starburst, uniq_sigmund
D:6:      corexii_shantytown, layout_layer_cave, temple_hall
D:7:      layout_gridville, chequers_big_river, grunt_ministairs_3
D:8:      layout_rooms, serial_shops, shop, uniq_harold

Skill      XL: |  1  2  3  4  5  6  7  8  9 |
---------------+----------------------------+-----
Dodging        | 1 2 3 |  3.6
Axes           | 2 3 4 5 7 9 |  9.3
Fighting       | 4 5 6 |  6.9
Stealth        | 1 2 |  2.2
Armour         | 3 4 6 7 |  7.6
Throwing       | 1 |  1.8
Invocations    | |  2.5

Action                   |  1- 3 |  4- 6 |  7- 9 | 10-12 || total
-------------------------+-------+-------+-------+-------++-------
Melee: Hand axe          |    79 |   133 |   406 |       ||   618
       Punch             |       |     1 |     3 |       ||     4
       Kick              |       |       |    20 |       ||    20
       Headbutt          |       |       |    38 |       ||    38
Throw: Dart              |       |       |    20 |     4 ||    24
Invok: Depart the Abyss  |     1 |       |       |       ||     1
       Bend Space        |       |       |     1 |       ||     1
  Use: Scroll            |       |     3 |     9 |       ||    12
       Potion            |       |       |     4 |     1 ||     5
 Stab: Sleeping          |     1 |       |       |       ||     1
Armor: Leather armour    |    38 |    54 |       |       ||    92
       Chain mail        |       |    15 |   260 |     2 ||   277
       Scale mail        |       |    10 |       |       ||    10
Dodge: Dodged            |    40 |    68 |   148 |       ||   256

Table legend: (Time is in decaauts)
 A = Elapsed time spent in this place.
 B = Non-inter-level travel time spent in this place.
 C = Inter-level travel time spent in this place.
 D = Time resting spent in this place.
 E = Time spent auto-exploring this place.
 F = Levels seen in this place.
 G = Mean time per level.
                   A        B        C        D        E       F      G
               +--------+--------+--------+--------+--------+-----+--------+
         Total |   8722 |   8437 |    285 |    212 |   6542 |   9 |  969.1 |
       Dungeon |   8672 |   8387 |    285 |    212 |   6492 |   8 | 1084.0 |
         Abyss |     50 |     50 |      0 |      0 |     50 |   1 |   50.0 |
               +--------+--------+--------+--------+--------+-----+--------+

Top non-repeatable levels by time:
     D:4: 1535 daAuts
     D:1: 1404 daAuts
     D:3: 1168 daAuts
     D:2: 1162 daAuts
     D:5: 1161 daAuts
     D:6: 1145 daAuts
     D:7: 860 daAuts
     D:8: 235 daAuts
 Abyss:1: 50 daAuts
